Map: Abyssal Reef LE

Players

NahT

  • Race: Terran Terran
  • League: Gold
  • Spawn Location: 11:00

rafapras - Winner!

  • Race: Protoss Protoss
  • League: Diamond
  • Spawn Location: 5:00

VOD

Have the link to the VOD?

Description

Time

  • Played on: Dec. 2, 2017, 10:41 a.m.
  • Length: 17:05
Show
View Real Time Build Order
Export as new Build Order

NahT Terran 

Build Orders:  

Get SALT Encoding   

  12  0:01  SCV  
  13  0:13  SCV  
  14  0:22  Supply Depot  
  14  0:28  SCV  
  15  0:36  Refinery  
  15  0:46  Barracks  
  15  0:49  SCV  
  16  1:17  SCV  
  17  1:23  Barracks  
  17  1:24  Refinery  
  17  1:33  Orbital Command  
  17  1:42  Reaper  
  18  1:58  Supply Depot  
  18  2:02  Factory  
  18  2:06  SCV  
  19  2:19  SCV, Reaper  
  19  2:22  Reaper  
  22  2:28  Bunker  
  22  2:31  SCV  
  23  2:51  Reaper  
  24  3:09  Reaper  
  24  3:14  Factory Reactor  
  24  3:23  Reaper  
  24  3:26  Command Center  
  24  4:02  SCV  
  24  4:04  Hellion x2  
  28  4:13  Starport, Marine x2  
  28  4:15  SCV  
  30  4:27  SCV  
  31  4:36  Supply Depot  
  31  4:38  Marine x2, Supply Depot, Hellion x2  
  37  4:39  SCV  
  37  4:42  Orbital Command  
  38  4:50  Starport Reactor  
  38  4:52  SCV  
  36  4:55  Supply Depot  
  33  5:09  SCV  
  33  5:12  Widow Mine  
  33  5:13  Widow Mine  
  38  5:16  SCV  
  38  5:17  Liberator  
  38  5:19  Supply Depot  
  38  5:20  Supply Depot  
  38  5:21  Supply Depot  
  38  5:31  Orbital Command  
  38  5:34  Marine x2  
  36  5:41  Widow Mine x2  
  40  5:47  Supply Depot  
  39  5:56  Marine  
  37  5:57  Marine  
  37  6:00  SCV x2  
  40  6:12  SCV x2  
  40  6:14  Marine  
  40  6:15  Marine  
  42  6:24  SCV x2  
  44  6:29  Viking  
  44  6:32  Marine  
  47  6:33  Orbital Command, Viking  
  47  6:36  SCV  
  51  6:45  Liberator  
  50  6:48  SCV  
  51  6:58  Marine x2, Widow Mine x2  
  51  7:01  SCV  
  58  7:04  SCV  
  62  7:13  SCV  
  63  7:16  SCV  
  64  7:25  SCV  
  64  7:27  Widow Mine x2  
  64  7:28  SCV  
  70  7:31  Factory  
  70  7:37  SCV  
  70  7:40  SCV  
  71  7:49  SCV  
  67  7:52  SCV  
  66  8:08  Marine x2  
  66  8:09  Viking  
  66  8:12  Widow Mine x2  
  72  8:14  SCV  
  72  8:15  SCV  
  76  8:26  SCV  
  76  8:27  SCV  
  78  8:30  Marine x2  
  80  8:36  Factory Tech Lab  
  80  8:38  SCV  
  80  8:39  SCV  
  80  8:40  Widow Mine, Refinery  
  84  8:41  Refinery  
  84  8:50  SCV  
  84  8:51  Command Center, Refinery  
  84  8:53  Refinery  
  85  8:57  SCV, Command Center  
  86  9:06  SCV  
  86  9:08  Siege Tank  
  86  9:09  SCV  
  91  9:18  SCV, Hellion x2  
  91  9:21  SCV  
  97  9:34  Barracks Tech Lab x2  
  97  9:40  Factory, Hellion  
  97  9:41  SCV  
  97  9:42  Factory  
  97  9:43  SCV  
  101  10:04  Orbital Command  
  101  10:08  Command Center  
  101  10:14  Orbital Command  
  101  10:17  SCV  
  102  10:25  Factory Tech Lab x2  
  102  10:27  Concussive Shells  
  102  10:29  Refinery  
  102  10:33  Refinery  
  102  10:34  Siege Tank  
  105  10:39  Supply Depot  
  105  10:42  Supply Depot, Armory  
  105  10:50  Armory  
  105  10:57  Siege Tank  
  108  11:04  Hellion x2  
  108  11:05  Hellion  
  108  11:07  Siege Tank  
  117  11:16  SCV x2  
  117  11:17  SCV  
  120  11:23  Engineering Bay  
  120  11:24  Orbital Command  
  120  11:26  Hellion x3  
  120  11:28  SCV  
  120  11:29  Hellion  
  129  11:39  Siege Tank  
  125  11:47  Thor, Hellion  
  125  11:50  Thor  
  125  11:53  Orbital Command  
  139  12:07  SCV  
  140  12:10  SCV  
  140  12:11  Siege Tank  
  144  12:17  Terran Vehicle And Ship Armor Level 1  
  144  12:25  Terran Vehicle Weapons Level 1  
  139  12:30  Siege Tank  
  139  12:33  Siege Tank  
  139  12:43  Siege Tank  
  121  13:47  Supply Depot x2  
  121  13:49  Supply Depot x2  
  121  13:53  Infernal Pre-Igniter  
  119  14:08  Thor  
  119  14:09  SCV, Siege Tank, Viking x2  
  133  14:10  SCV x2, Siege Tank  
  132  14:21  SCV  
  132  14:22  SCV x2  
  135  14:25  Marauder x2  
  139  14:33  SCV  
  139  14:34  SCV  
  139  14:38  Command Center  
  142  14:39  Command Center, Viking  
  142  14:40  Command Center  
  142  14:41  Siege Tank  
  142  14:45  SCV  
  148  14:47  Marauder  
  148  14:50  Orbital Command  
  149  15:19  Marauder  
  149  15:20  Marauder  
  147  15:21  Siege Tank x2  
  147  15:24  Thor  
  80  15:41  Marauder x2  
  75  15:49  Widow Mine x2  
  75  15:53  Siege Tank x2  
  80  16:07  Siege Tank  
  80  16:09  SCV  
  84  16:17  Widow Mine  
  71  16:25  Siege Tank  
  74  16:26  Siege Tank  
Show
View Real Time Build Order
Export as new Build Order

rafapras Protoss - Winner!

Build Orders:  

Get SALT Encoding   

  12  0:02  Probe  
  13  0:15  Probe  
  13  0:18  Pylon  
  14  0:27  Probe  
  15  0:39  Probe, Gateway  
  16  0:46  Assimilator  
  16  0:51  Probe  
  17  1:03  Probe  
  18  1:15  Probe  
  19  1:26  Cybernetics Core  
  19  1:27  Probe (Chrono Boost)  
  19  1:31  Pylon  
  20  1:39  Probe (Chrono Boost)  
  21  1:54  Nexus  
  21  2:03  Adept  
  21  2:04  Probe  
  21  2:07  Warp Gate (Chrono Boost)  
  24  2:21  Assimilator  
  24  2:28  Gateway  
  24  2:29  Probe  
  25  2:35  Stalker (Chrono Boost)  
  27  2:41  Probe  
  28  2:53  Probe  
  28  3:05  Probe  
  28  3:07  Probe  
  29  3:17  Probe  
  29  3:19  Probe  
  31  3:22  Robotics Facility  
  31  3:29  Probe  
  31  3:31  Probe  
  31  3:48  Pylon  
  29  4:09  Immortal  
  31  4:10  Probe  
  31  4:12  Stalker  
  31  4:14  Stalker  
  31  4:15  Probe  
  36  4:22  Probe  
  37  4:30  Probe  
  38  4:35  Stalker  
  38  4:36  Probe  
  41  4:40  Stalker  
  41  4:42  Probe  
  44  4:49  Probe  
  45  4:54  Probe  
  45  4:57  Immortal (Chrono Boost)  
  50  5:01  Probe  
  50  5:02  Shield Battery  
  50  5:07  Probe  
  52  5:13  Probe  
  53  5:19  Probe  
  54  5:27  Probe  
  53  5:31  Probe  
  52  5:39  Stalker  
  54  5:43  Pylon  
  54  5:46  Assimilator  
  54  5:50  Assimilator  
  54  6:01  Probe x2  
  54  6:02  Warp Prism (Chrono Boost)  
  58  6:05  Pylon  
  58  6:13  Probe x2  
  60  6:25  Probe, Nexus  
  61  6:30  Gateway  
  61  6:31  Gateway  
  62  6:35  Observer (Chrono Boost)  
  62  6:37  Forge  
  62  6:38  Adept x2  
  62  6:39  Forge  
  66  6:44  Probe  
  67  6:47  Pylon  
  67  6:50  Pylon  
  67  6:53  Shield Battery  
  67  6:58  Probe  
  67  6:59  Probe  
  69  7:10  Probe  
  69  7:11  Photon Cannon, Probe  
  71  7:17  Protoss Ground Weapons Level 1, Twilight Council  
  71  7:18  Protoss Ground Armor Level 1  
  71  7:21  Immortal  
  71  7:22  Probe  
  76  7:23  Probe  
  76  7:28  Robotics Bay  
  77  7:34  Probe  
  77  7:35  Probe  
  79  7:42  Probe  
  73  7:52  Zealot  
  73  7:53  Zealot x3  
  79  8:00  Probe x2  
  73  8:11  Probe  
  73  8:12  Probe  
  73  8:13  Probe, Immortal (Chrono Boost)  
  78  8:20  Charge  
  78  8:23  Probe  
  78  8:24  Probe  
  78  8:26  Templar Archives  
  80  8:27  Probe  
  81  8:35  Probe  
  81  8:36  Probe  
  83  8:44  Probe  
  83  8:46  Assimilator  
  90  8:49  Colossus (Chrono Boost)  
  90  8:51  Gateway  
  90  8:53  Gateway  
  90  8:54  Probe  
  90  8:55  Assimilator  
  91  9:03  Probe  
  91  9:04  Probe  
  91  9:06  Psionic Storm, Probe  
  91  9:09  High Templar x3  
  100  9:13  Pylon  
  100  9:14  Pylon  
  100  9:16  Probe  
  101  9:31  Probe  
  102  9:32  Gateway x2  
  102  9:37  Colossus (Chrono Boost)  
  108  9:40  Protoss Ground Weapons Level 2 (Chrono Boost)  
  108  9:41  Protoss Ground Armor Level 2 (Chrono Boost)  
  108  9:47  Pylon  
  108  9:48  Pylon  
  108  9:49  Pylon  
  108  9:54  Stalker  
  108  9:55  Stalker  
  108  9:56  Zealot x2  
  116  10:03  Pylon  
  116  10:04  Pylon  
  116  10:05  Pylon  
  116  10:18  Zealot  
  116  10:19  Zealot x4  
  116  10:20  Zealot  
  116  10:21  Colossus (Chrono Boost)  
  134  10:31  Nexus  
  134  10:34  Assimilator  
  134  10:37  High Templar  
  134  10:38  High Templar  
  134  10:39  High Templar x2  
  134  10:40  Zealot, Assimilator  
  134  10:41  Zealot  
  146  10:44  Archon x2  
  146  11:04  Colossus  
  146  11:05  Extended Thermal Lance (Chrono Boost)  
  146  11:11  Stalker x3  
  156  11:12  Stalker  
  156  11:17  Pylon  
  160  11:18  Pylon  
  160  11:58  Immortal  
  160  11:59  Protoss Ground Weapons Level 3  
  160  12:00  Protoss Shields Level 1  
  164  12:05  Stargate x2  
  164  12:07  Stargate  
  164  12:17  Pylon  
  164  12:18  Pylon  
  160  12:57  Zealot  
  160  12:58  Zealot x3  
  164  12:59  Stalker x4  
  159  13:14  Protoss Air Weapons Level 1 (Chrono Boost)  
  159  13:16  Probe  
  148  13:22  Fleet Beacon  
  147  13:29  Probe x4 (Chrono Boost)  
  155  13:41  Probe (Chrono Boost)  
  155  13:42  Probe (Chrono Boost)  
  155  13:44  Probe (Chrono Boost)  
  155  13:46  Void Ray (Chrono Boost)  
  155  13:47  Void Ray x2 (Chrono Boost)  
  167  13:50  Probe x2 (Chrono Boost)  
  167  13:53  Probe  
  167  13:56  Stalker  
  167  13:57  Zealot x2  
  170  14:09  Zealot x2  
  178  14:26  Observer  
  178  14:27  Graviton Catapult (Chrono Boost)  
  178  14:28  Carrier x3 (Chrono Boost)  
  192  14:34  Probe (Chrono Boost)  
  194  14:39  Probe (Chrono Boost)  
  196  14:46  Probe x2 (Chrono Boost)  
  196  14:47  Probe (Chrono Boost)  
  196  14:51  Immortal  
  162  15:31  Nexus  
  153  15:36  Assimilator  
  153  15:37  Assimilator  
  153  15:51  Carrier x3 (Chrono Boost)  
  175  16:39  Archon  
Tags
 
Add a new tag
Caveats
  • Supply blocks, unpowered buildings, or Contaminate may cause inaccurate times.
  • Supply counts are checked every 10 seconds.